 Dungeon Crawl Stone Soup version 0.31-a0-210-gccc998df9b (webtiles) character file.

Game seed: 5308440853374716934

37 qw the Shooter (level 3, -1/21 HPs)
             Began as a Gargoyle Hexslinger on June 30, 2023.
             Slain by a goblin
             ... wielding a +0 dagger
             ... led by Robin
              (3 damage)
             ... on level 2 of the Dungeon.
             The game lasted 00:00:19 (1177 turns).

qw the Shooter (Gargoyle Hexslinger)                Turns: 1177, Time: 00:00:19

Health: -1/21      AC:  8    Str: 11    XL:     3   Next: 39%
Magic:  4/4        EV:  7    Int: 13    God:
Gold:   38         SH:  0    Dex: 14    Spells: 3/4 levels left

rFire   . . .        Y - +1 sling
rCold   . . .        (no shield)
rNeg    + . .        h - +0 ring mail
rPois   inf          (no helmet)
rElec   +            (no cloak)
rCorr   .            (no gloves)
SInv    .            (no boots)
Will    .....        (no amulet)
Stlth   +            (no ring)
HPRegen 0.23/turn    (no ring)
MPRegen 0.09/turn

%: no passive effects
@: constricted
A: sickness immunity, AC +3, negative energy resistance 1, electricity
resistance, torment resistance 1, petrification resistance
a: no special abilities


You were on level 2 of the Dungeon.
You visited 1 branch of the dungeon, and saw 2 of its levels.

You collected 38 gold pieces.


Innate Abilities, Weirdness & Mutations

You are immune to sickness and miasma.
Your stone body is resilient. (AC +3)
You are immune to poison.
You resist negative energy. (rN+)
You are resistant to electric shocks. (rElec)
You are resistant to unholy torment.
You are immune to petrification.


   Skills:
 - Level 2.0 Fighting
 + Level 3.3 Ranged Weapons
 - Level 1.5 Dodging
 - Level 1.0 Spellcasting
 - Level 2.6 Hexes


You had 3 spell levels left.
You knew the following spells:

 Your Spells              Type           Power      Damage    Failure   Level
a - Slow                  Hex            28%        N/A       22%         1

Your spell library contained the following spells:

 Spells                   Type           Power      Damage    Failure   Level
 Inner Flame              Hex/Fire       4%         N/A       75%         3
 Portal Projectile        Hex/Tloc       8%         N/A       75%         3
 Cause Fear               Hex            3%         N/A       92%         4

Inventory:

Hand Weapons
 Y - a +1 sling (weapon)
Armour
 h - a +0 ring mail (worn)
Jewellery
 a - a ring of resist corrosion
 b - the amulet of Disomi {Faith Rampage Str+3}
   (You found it on level 2 of the Dungeon)

   [amulet of faith]

   It allows you to gain divine favour quickly.
   Str:       It affects your strength (+3).
   Rampage:   It bestows one free step when moving towards enemies.
Scrolls
 c - a scroll of acquirement {unknown}
Potions
 d - a potion of resistance {unknown}
 f - a potion of heal wounds {unknown}
 g - a potion of might {unknown}

Dungeon Overview and Level Annotations

Branches:
Dungeon (2/15)

Altars:

Annotations:
D:2 Robin


Message History

The goblin hits you with a +0 club. Robin throws the goblin at you!
A hobgoblin comes into view.
The goblin hits you but does no damage. x2; The goblin closely misses you.
The goblin hits you but does no damage. The goblin closely misses you.
You shoot a sling bullet.
The sling bullet closely misses the goblin.
The goblin closely misses you. The goblin hits you but does no damage.
The goblin closely misses you.
Robin says, "My goblins will feast on your bones."
You shoot a sling bullet. The sling bullet hits the goblin.
You kill the goblin!
The goblin hits you but does no damage. The goblin barely misses you. x2
You shoot a sling bullet. The sling bullet hits the goblin!
You kill the goblin!
Robin throws the goblin at you! The goblin hits you but does no damage.
The goblin barely misses you. The goblin completely misses you.
The goblin hits you with a +0 dagger. Robin throws the goblin at you!
The goblin hits you with a +0 dagger.
The goblin hits you but does no damage. x3
You shoot a sling bullet.
The sling bullet closely misses the goblin.
The ball python barely misses you. The ball python grabs you.
The ball python constricts you. The goblin hits you but does no damage.
The goblin hits you with a +0 dagger.
The goblin hits you but does no damage. x3
You shoot a sling bullet.
The sling bullet closely misses the ball python.
The ball python bites you. The ball python constricts you.
The goblin hits you with a +0 dagger. The goblin hits you but does no damage.
The goblin hits you with a +0 club. The goblin barely misses you.
The goblin hits you but does no damage.
The ball python bites you but does no damage.
The ball python constricts you.
You shoot a sling bullet.
The sling bullet barely misses the ball python.
The hobgoblin no longer looks unusually strong.
The goblin no longer looks unusually strong.
The goblin hits you but does no damage. x2; The goblin hits you with a +0 club.
The goblin barely misses you. The goblin closely misses you.
The ball python barely misses you. The ball python constricts you.
The goblin hits you but does no damage. The goblin hits you with a +0 dagger.
You die...

##...#### ###....#
####.## #..### ##...#
### #######.## #######..
#####........###........
......ggg......+........
.....gg@g.....##.....<..
.....gS#####............
....... #.###.###.###
....... #.# #..##.###
...)... #.# ##.......
....... #.# ####..##
....... #.# #..#.
.$..... #.# #.... #.#
##...


You could see Robin, a hobgoblin, 5 goblins and a ball python.

Vanquished Creatures
  A gnoll (D:1)
  3 bats (D:1)
  3 endoplasms
  A giant cockroach (D:2)
  2 hobgoblins
  2 quokkas
  7 goblins
  2 kobolds (D:1)
  2 rats (D:2)
23 creatures vanquished.

Notes
Turn   | Place    | Note
-------+----------+-------------------------------------------
     0 | D:1      | qw the Gargoyle Hexslinger began the quest for the Orb.
     0 | D:1      | Reached XP level 1. HP: 12/12 MP: 2/2
     0 | D:1      | 0 ||| qw: Version: 0.3-a-26-gee661ec
     0 | D:1      | 0 ||| qw: Game counter: 7284
     0 | D:1      | 0 ||| qw: Melee chars always use a shield: true
     0 | D:1      | 0 ||| qw: God list: Okawaru
     0 | D:1      | 0 ||| qw: Allow faded altars: false
     0 | D:1      | 0 ||| qw: Do Orc after clearing Dungeon:15 true
     0 | D:1      | 0 ||| qw: Do second Lair branch before Depths: true
     0 | D:1      | 0 ||| qw: Lair rune preference: random
     0 | D:1      | 0 ||| qw: Goals: Normal
     0 | D:1      | 0 ||| PLANNING D:1-11
    62 | D:1      | HP: 2/12 [gnoll/+0 flail (10)]
    64 | D:1      | Reached XP level 2. HP: 3/16 MP: 3/3
   156 | D:1      | You fall into a shaft and drop 1 floor!
   165 | D:2      | 165 ||| DROPPING scroll of poison.
   212 | D:1      | Reached skill level 3 in Ranged Weapons
   612 | D:1      | Reached XP level 3. HP: 21/21 MP: 4/4
   804 | D:1      | 804 ||| UPGRADING to +0 ring mail.
   814 | D:1      | 814 ||| DROPPING +0 robe.
   815 | D:1      | 815 ||| READING scroll labelled KUYMADW FOLO.
   816 | D:1      | 816 ||| READING scroll labelled HITARGH KASS.
   995 | D:2      | Identified the amulet of Disomi {Faith Rampage Str+3}
  1165 | D:2      | Noticed Robin
  1176 | D:2      | HP: 4/21 [goblin/+0 club[Robin] (5)]
  1177 | D:2      | Slain by a goblin

Levels and vault maps discovered:
D:1:      arrival_zaba_pyramid, layout_basic
D:2:      layout_basic, uniq_robin

Skill      XL: |  1  2  3 |
---------------+----------+-----
Ranged Weapons | 3 |  3.3
Fighting       | 2 |  2.0
Dodging        | |  1.5
Spellcasting   | |  1.0
Hexes          | |  2.6

Action                     || total
---------------------------++-------
   Fire: Sling             ||    71
    Use: Scroll            ||     2
 Armour: Robe              ||     5
         Ring mail         ||    27
  Dodge: Dodged            ||    30

Table legend:
 A = Non-vault XP
 B = Vault XP
 C = Vault XP percentage of total XP
 D = Non-vault monster count
 E = Vault monster count
 F = Vault count percentage of total count
                 A         B        C        D         E       F
            +---------+---------+-------+---------+---------+-------
      Total |      45 |       8 |  15.1 |      19 |       4 |  17.4
            +---------+---------+-------+---------+---------+-------
        D:1 |      34 |       0 |   0.0 |      12 |       0 |   0.0
        D:2 |      11 |       8 |  42.1 |       7 |       4 |  36.4
            +---------+---------+-------+---------+---------+-------
